 Dungeon Crawl Stone Soup version 0.17.0 (webtiles) character file.

119 Leibowitz the Cutter (level 5, -7/31 HPs)
             Began as a Kobold Gladiator on Nov 6, 2015.
             Killed by divine providence
             ... invoked by an orc priest
              (8 damage)
             ... on level 3 of the Dungeon.
             The game lasted 00:07:50 (1801 turns).

Leibowitz the Cutter (Kobold Gladiator)             Turns: 1801, Time: 00:07:51

Health: -7/31      AC:  7    Str: 13    XL:     5   Next: 23%
Magic:  5/5        EV: 16    Int:  6    God:
Gold:   127        SH:  5    Dex: 18    Spells: 0 memorised, 4 levels left

rFire  . . .     SeeInvis .     a - +1 rapier
rCold  . . .     Clarity  .     b - +0 leather armour
rNeg   . . .     SustAt   .     i - +0 buckler
rPois  +         Gourm    .     c - +0 helmet
rElec  .         Spirit   .     h - +2 cloak
rCorr  .         Warding  .     (no gloves)
rMut   .         Stasis   .     (no boots)
MR     .....                    (no amulet)
Stlth  ++........               (no ring)
                                g - ring of poison resistance

@: not resistant to hostile enchantments, unstealthy
A: carnivore 3
a: no special abilities


You were on level 3 of the Dungeon.
You were completely stuffed.

You visited 1 branch of the dungeon, and saw 3 of its levels.

You collected 127 gold pieces.

Inventory:

Hand Weapons
 a - a +1 rapier (weapon)
Missiles
 p - 6 needles of slowing
Armour
 b - a +0 leather armour (worn)
 c - a +0 helmet (worn)
 h - a +2 cloak (worn)
 i - a +0 buckler (worn)
Jewellery
 g - a ring of poison resistance (left hand)
Scrolls
 j - a scroll of fog {unknown}
 k - a scroll of remove curse
 l - a scroll of magic mapping
 n - a scroll of identify
Potions
 f - 4 potions of curing
 m - a potion of might
 o - a potion of haste
Comestibles
 e - 2 meat rations
 q - 2 chunks of flesh
 r - a beef jerky


   Skills:
 + Level 2.7 Fighting
 + Level 4.6 Short Blades
 + Level 2.2 Throwing
 + Level 0.7 Armour
 + Level 4.4 Dodging
 * Level 2.4 Stealth
 * Level 1.4 Shields


You had 4 spell levels left.
You didn't know any spells.

Dungeon Overview and Level Annotations

Branches:
Dungeon (3/15)

Altars:
Ashenzari


Innate Abilities, Weirdness & Mutations

You are small and have problems with some larger weapons.
You are carnivorous and can eat meat at any time.


Message History

You throw a throwing net. The throwing net hits the orc priest.
The orc priest is caught in the net!
The orc priest mumbles some strange prayers to Beogh against you.
Something smites you!
* * * LOW HITPOINT WARNING * * *
The orc priest struggles against the net.
You hit the orc priest.
The orc priest is lightly wounded.
You hit the orc priest.
The orc priest is moderately wounded.
The orc priest struggles to escape the net.
A giant cockroach comes into view.
You hit the orc priest.
The orc priest is severely wounded.
The orc priest struggles to escape the net.
You completely miss the orc priest.
The orc priest is severely wounded.
The orc priest calls down the wrath of Beogh upon you.
Something smites you!
You die...

..######.#.# #...#
#[#.# ###.#
#.#.#####.# oo8.
#.#.....#.# .8o.
#.#####.#.#
8....#####.........#
.....#.....#####.###
....(......so.##.#
........$..##@##.#
...........##.##.#
.$.........##.##.#
...........##.##.#
...........##.##.#
###+#.#######.##.#
#. #....# ## ######


You could see an orc priest (caught) and a giant cockroach.

Vanquished Creatures
  Crazy Yiuf (D:2)
  3 adders (D:2)
  An ooze (D:1)
  2 giant geckos (D:1)
  4 bats
  5 giant cockroaches
  6 goblins
  7 hobgoblins
  6 jackals
  A ball python (D:1)
  6 giant newts
  8 kobolds (D:2)
  7 rats
57 creatures vanquished.

Notes
Turn   | Place    | Note
--------------------------------------------------------------
     0 | D:1      | Leibowitz the Kobold Gladiator began the quest for the Orb.
     0 | D:1      | Reached XP level 1. HP: 12/12 MP: 1/1
    32 | D:1      | Upgraded the game from 0.17-b1-33-gd9cf236 to 0.17.0
   298 | D:1      | Reached XP level 2. HP: 17/17 MP: 2/2
   315 | D:1      | Reached skill level 1 in Stealth
   473 | D:1      | Reached XP level 3. HP: 20/22 MP: 3/3
   979 | D:2      | Reached XP level 4. HP: 27/27 MP: 4/4
   997 | D:2      | Reached skill level 1 in Shields
  1312 | D:2      | Noticed Crazy Yiuf
  1324 | D:2      | Killed Crazy Yiuf
  1324 | D:2      | Reached XP level 5. HP: 31/31 MP: 5/5
  1729 | D:3      | Found a shattered altar of Ashenzari.
  1781 | D:3      | Found a faded altar to an unknown god.
  1797 | D:3      | HP: 1/31 [orc priest/divine providence (10)]
  1801 | D:3      | Killed from afar by an orc priest

Action                   |  1- 3 |  4- 6 || total
-------------------------+-------+-------++-------
Melee: Rapier            |   110 |    78 ||   188
Throw: Throwing net      |     1 |     4 ||     5
  Use: Scroll            |       |     6 ||     6
       Potion            |       |     5 ||     5
 Stab: Sleeping          |     3 |     5 ||     8
       Held in net/web   |     1 |     1 ||     2
  Eat: Chunk             |     9 |     3 ||    12
